Trixie, chaotic female sylph Rogue ------------ |..........| --- ---------- ---#######-..<.......| |. ........ .|# ---+-------- |.------------.....---- -----.|# |.|!).|...|..|.....|..| |...|.|# ---------- |.|!.=|...|..|.....-..| |...|.|# |........| |.|*.`|...|..|.....|..| |[..|.|# |........| ..|...|...||--.....----+---|---.|# |....[...| |.-|----|--..*..................|# |........-#######|.............{......{.......([.|# ---------- ## #|.--|---|--...f---|--...........|# # #|.|..(|....---.|....|.----|----.-## #####..|.(.|...|.)h@|...[|.|..|....|.| #|.|(((|...|..|.|.._.|.-..|...(|.| #|.|(..|...|..|.|....|.|..|....|.| #|.------------.------.---------.| #|. . .. .| #--- --- ---- --- Trixie the Cutpurse Experience level: 5 Strength: 12 Dexterity: 18 Constitution: 15 Intelligence: 17 Wisdom: 7 Charisma: 10 Health: 0(38) Energy: 22(22) Def: 0 Gold: 5 Moves: 1525 Dungeon seed: bHAyYlDzXRbxToWH Game ID: Trixie_1443623760 Your Inventory: Coins $ - 5 gold pieces Weapons a - an uncursed +0 short sword (weapon in hand) b - 4 uncursed +0 daggers (in quiver) Armor e - a cursed -1 dwarvish cloak n - an uncursed +0 dwarvish mithril-coat Comestibles K - an uncursed tripe ration Potions R - an uncursed potion of speed Wands F - a blessed wand of sleep (0:4) G - an uncursed wand of sleep (0:8) M - an uncursed wand of digging (0:6) O - an uncursed wand of make invisible (0:5) Tools g - an uncursed blindfold k - an uncursed lock pick B - an uncursed bag of holding C - an uncursed magic whistle H - an uncursed sack J - a blessed oil lamp (0:1234) N - an uncursed towel P - an uncursed tallow candle (0:200) Q - an uncursed skeleton key S - an uncursed sack T - an uncursed oil lamp (0:1184) Contents of the bag of holding: 315 gold pieces a blessed +1 dagger 7 uncursed +0 daggers a cursed -1 dagger an uncursed +0 cloak of displacement a blessed +0 dwarvish cloak an uncursed +0 dwarvish cloak an uncursed +0 dwarvish cloak an uncursed +0 dwarvish cloak a cursed +0 dwarvish mithril-coat an uncursed +1 leather armor an uncursed +1 pair of water walking boots an uncursed cream pie 3 uncursed food rations an uncursed sprig of wolfsbane an uncursed tripe ration an uncursed scroll of gold detection an uncursed scroll of taming 3 uncursed potions of fruit juice an uncursed potion of full healing an uncursed potion of gain energy an uncursed potion of hallucination an uncursed potion of healing an uncursed potion of sickness an uncursed ring of fire resistance an uncursed ring of stealth an uncursed ring of teleport control an uncursed wand of opening (0:3) an uncursed blindfold an uncursed leash an uncursed +0 pick-axe 5 uncursed tallow candles (0:200) an uncursed wax candle (0:400) 2 uncursed worthless pieces of green glass an uncursed worthless piece of red glass 2 uncursed worthless pieces of yellowish brown glass Spells and supernatural/magical abilities: Name Level Category Fail Memory W - pray for help -- divine ? -- Your skills at the end: Miscellaneous Skills wands [Basic] Weapon Skills dagger [Basic] short sword [Basic] Spellcasting Skills healing spells [Basic] Final Attributes: You were piously aligned. You saw invisible. You had infravision. You were stealthy. You were protected from shape changers. You are dead. Vanquished creatures: 2 gnome lords 2 gnomish wizards a little dog 8 dwarves a kobold lord 2 hobbits 16 gnomes 2 jackals a goblin 2 lichens a kobold zombie 38 creatures vanquished. Voluntary challenges: You followed a strict vegan diet. You did not adorn yourself with jewelry or accessories. You used a wielded weapon 55 times, starting on turn 55. You did not apply a unicorn horn. You read items or engraved 1 time, starting on turn 900. You never genocided any monsters. You never polymorphed an object. You never changed form. You used no wishes. You never split a pudding. You wrote Elbereth's name 1 time, starting on turn 900. You never violated your personal moral code. Dungeon overview: The Dungeons of Doom: levels 1 to 3 Level 1 a long staircase Level 2 a scroll shop, some fountains Level 3 stairs to The Gnomish Mines The Gnomish Mines: levels 4 to 6 Level 4 stairs to The Dungeons of Doom Level 5 Level 6 <- You were here some shops, a temple to Issek, a magic chest, some fountains History has recorded: On T:1 you entered the Dungeons of Doom to retrieve the Amulet of Yendor! On T:54 you reached level 2 of The Dungeons of Doom. On T:431 you reached level 3 of The Dungeons of Doom. On T:821 you reached level 1 of The Gnomish Mines. On T:832 you advanced to experience level 2. On T:847 you advanced to experience level 3. On T:880 you advanced to experience level 4. On T:974 you reached level 2 of The Gnomish Mines. On T:1048 you advanced to experience level 5. On T:1106 you reached level 3 of The Gnomish Mines. On T:1190 you opened a magic chest. On T:1205 you opened a magic chest. On T:1229 you entered the Minetown temple Score breakdown: Gold: 320 ( 32 points) Experience: 5 levels ( 400 points) Exploration: 6 levels ( 150 points) Discoveries: 3 items ( 150 points) Variety of kills: 11 monsters ( 550 points) Major goal: (nothing yet) ( 0 points) Survival: died (score multiplied by 3) Total score: 3846 Latest messages: You put 2 magenta potions into the bag called holding. You put a copper ring into the bag called holding. You put an uncursed wand of opening (0:3) into the bag called holding. You put a blindfold into the bag called holding. You put a leash into the bag called holding. You put 5 candles into the bag called holding. You put a candle into the bag called holding. You put a pick-axe into the bag called holding. You put a red gem into the bag called holding. You put 2 green gems into the bag called holding. You put a yellowish brown gem into the bag called holding. Your movements are only slowed slightly by your load. The dagger hits the dwarf lord. The dwarf lord swings his pick-axe. The dwarf lord hits! The dwarf lord swings his pick-axe. The dwarf lord hits! You die... The sack is empty. (2x) The sack is empty. (2x) Final status: Goodbye Trixie the Rogue, killed by a dwarf lord... You died in The Gnomish Mines on dungeon level 6 with 3846 points, and 320 pieces of gold, after 1525 moves. You were level 5 with a maximum of 38 hit points when you died.